 Dungeon Crawl Stone Soup version 0.20-b1 (webtiles) character file.

75304 Monsterracer the Severer (level 15, -2/202 HPs)
             Began as a Hill Orc Monk on May 19, 2017.
             Was the Champion of Beogh.
             Slain by a tyrant leech (39 damage)
             ... on level 2 of the Swamp.
             The game lasted 01:14:54 (20828 turns).

Monsterracer the Severer (Hill Orc Monk)           Turns: 20828, Time: 01:14:55

Health: -2/202     AC: 26    Str: 21    XL:     15   Next: 49%
Magic:  23/23      EV: 15    Int: 13    God:    Beogh [******]
Gold:   1388       SH:  0    Dex: 18    Spells: 2/14 levels left

rFire    + . .     SeeInvis .   I - +3 executioner's axe (flame)
rCold    + . .     Gourm    .   (shield currently unavailable)
rNeg     . . .     Faith    .   E - +0 chain mail "Wayps" {*Corrode rC+ MR++ Regen+}
rPois    +         Spirit   .   A - +2 helmet
rElec    +         Reflect  .   q - +2 cloak {rPois}
rCorr    +         Harm     .   (no gloves)
MR       +++..                  M - +0 pair of boots "Tedd" {+Fly rF+} (curse)
Stlth    ..........             y - amulet "Mufemig" {+Rage rElec rF- Int+5}
Regen    0.9/turn               D - ring of resist corrosion
MPRegen  0.2/turn               n - +6 ring of protection

@: berserking, lethally poisoned (-2 -> -2), very quick
A: walk on water, dopey 1, fire resistance 1, sturdy frame 1
a: Smiting, Recall Orcish Followers, Give Item to Named Follower, Resurrection,
Renounce Religion, Evoke Berserk Rage, Evoke Flight


You were on level 2 of the Swamp.
You worshipped Beogh.
Beogh was exalted by your worship.
You were very hungry.

You visited 3 branches of the dungeon, and saw 19 of its levels.
You also visited: Sewer, Ice Cave and Volcano.

You collected 1484 gold pieces.
You spent 96 gold pieces at shops.

Inventory:

Hand Weapons
 I - a +3 executioner's axe of flaming (weapon)
Armour
 q - a +2 cloak of poison resistance (worn)
 A - a +2 helmet (worn)
 E - the +0 chain mail "Wayps" (worn) {*Corrode rC+ MR++ Regen+}
   (You found it on level 1 of the Lair of Beasts)

   It protects you from cold.
   It affects your resistance to hostile enchantments.
   It increases your rate of regeneration.
   It may corrode you when you take damage.
 M - the cursed +0 pair of boots "Tedd" (worn) {+Fly rF+}
   (You found it in a volcano)

   It protects you from fire.
   It lets you fly.
   It has a curse placed upon it.
Jewellery
 h - an uncursed ring of poison resistance
 l - an uncursed ring of protection from fire
 n - a +6 ring of protection (right hand)
 s - an uncursed ring of protection from cold
 v - an uncursed ring of teleportation
 y - the amulet "Mufemig" (around neck) {+Rage rElec rF- Int+5}
   (You found it on level 6 of the Lair of Beasts)

   [amulet of rage]

   It affects your intelligence (+5).
   It makes you vulnerable to fire.
   It insulates you from electricity.
   It lets you go berserk.
 D - a ring of resist corrosion (left hand)
Wands
 a - a wand of acid (7/15)
 b - a wand of iceblast (10/15)
 t - a wand of clouds (6/9)
 J - a wand of lightning (8/15)
Scrolls
 d - 8 scrolls of identify
 e - 4 scrolls of fear
 k - 7 scrolls of teleportation
 o - 3 scrolls of enchant weapon
 p - a scroll of amnesia
 B - 3 scrolls of enchant armour
 C - a scroll of remove curse
 F - a scroll of fog
 H - 2 scrolls of magic mapping
Potions
 j - 5 potions of agility
 m - 9 potions of curing
 r - 2 potions of mutation
 w - a potion of magic
 x - 4 potions of flight
 z - 3 potions of heal wounds
 L - 3 potions of berserk rage
Books
 u - a book of Frost

   Spells                             Type                      Level
   a - Freeze                         Ice                          1
   b - Throw Frost                    Conjuration/Ice              2
   c - Ozocubu's Armour               Charms/Ice                   3
   d - Throw Icicle                   Conjuration/Ice              4
   e - Summon Ice Beast               Ice/Summoning                4
Comestibles
 c - 10 bread rations
 g - 10 meat rations
 i - 19 royal jellies


   Skills:
 + Level 13.0 Fighting
 * Level 20.1 Axes
 + Level 11.7 Armour
 + Level 9.3 Dodging
 - Level 1.5 Stealth
 - Level 11.0 Invocations
 + Level 3.1 Evocations


You had 2 spell levels left.
You knew the following spells:

 Your Spells              Type           Power        Failure   Level  Hunger
a - Passwall              Tmut/Erth      #.........   87%         2    ###....
b - Apportation           Tloc           #.....       75%         1    ##.....
c - Shroud of Golubria    Chrm/Tloc      #.........   87%         2    ###....
d - Song of Slaying       Chrm           #.......     87%         2    ###....
e - Regeneration          Chrm/Necr      #.........   98%         3    ####...
f - Blink                 Tloc           N/A          87%         2    ###....


Dungeon Overview and Level Annotations

Branches:
Dungeon (11/15)            Temple (0/1) D:7            Lair (6/6) D:11
  Swamp (2/4) Lair:3        Snake (0/4) Lair:3        Slime (0/5) Lair:6
    Orc (0/2) D:9

Altars:
Ashenzari
Hepliaklqana
Nemelex Xobeh
Uskayaw
Xom
Yredelemnul
The Shining One
Jiyva

Shops:
D:9 (   D:10 (

Annotations:
D:10 1 runed door
Lair:6 1 runed door


Innate Abilities, Weirdness & Mutations

You can walk on water.
You are dopey. (Int -2)
Your flesh is heat resistant. (rF+)
Your movements are slightly less encumbered by armour. (ER -2)


Message History

The swamp dragon completely misses you. The swamp dragon barely misses you.
The vampire mosquito bites you!
* * * LOW HITPOINT WARNING * * *
The vampire mosquito draws strength from your injuries!
You slice the swamp dragon!! You burn the swamp dragon.
You kill the swamp dragon!
Beogh accepts your kill.
Beogh blesses Gorbash with healing.
Your Evocations skill increases to level 3!
You slash the swamp dragon! You burn the swamp dragon.
You kill the swamp dragon!
Beogh accepts your kill.
The swamp dragon scales are intact enough to wear.
You slice the vampire mosquito!! You burn the vampire mosquito.
You destroy the vampire mosquito!
Beogh accepts your kill.
Gorbash is engulfed in poison gas.
Gorbash looks even sicker.
You barely miss the swamp dragon. You miss the tyrant leech.
The tyrant leech is poisoned.
The tyrant leech bites you!!!
You die...

.. ♣≈≈≈≈≈.....♣♣ .♣≈♣
♣.≈≈≈.♣÷..♣..
.≈≈≈..≈≈♣♣♣♣♣♣♣♣..≈≈♣♣...†..
.§≈≈≈≈≈w....≈♣...§≈≈.≈.≈≈≈§.
!≈≈≈≈....≈≈≈.≈...>.≈...≈≈≈≈≈
..≈≈....≈≈≈≈.≈.)≈♣♣≈≈..≈≈≈≈.
..≈≈≈≈≈≈≈≈.....≈.>......≈≈≈≈
..≈≈≈≈≈≈♣≈§§§≈....≈≈..[.≈≈≈≈
.≈≈≈(≈≈≈≈≈o@§...(.≈≈≈....≈≈≈
≈♣≈.≈≈≈≈≈†D♣w..≈≈..≈≈≈....(.
...≈≈≈≈≈..≈§..†≈≈≈≈≈...≈≈≈.≈
...(≈≈(..§≈≈≈≈.≈≈≈≈≈...≈≈≈.♣
.......≈/≈≈≈.≈≈≈...≈≈≈.♣♣♣♣♣
.§...........≈≈≈.♣♣♣.≈..
≈....≈≈≈..♣♣≈.≈≈.♣ ♣♣≈..
≈.≈..≈≈≈≈...≈..≈.≈
≈...≈≈≈≈≈≈≈≈.≈....♣


You could see a swamp dragon, 2 tyrant leeches and the friendly Gorbash the orc
warlord.

Vanquished Creatures
  A hydra (Swamp:1)
  3 two-headed ogres
  An alligator (Swamp:2)
  2 death yaks (Lair:5)
  A hell hog (Volcano)
  A spriggan (Swamp:2)
  A spriggan druid (Swamp:2)
  3 swamp dragons
  Pikel (D:6)
  3 black mambas
  3 elephants
  2 ice statues (IceCv)
  A centaur zombie (D:10)
  Maurice (D:8)
  5 spiny frogs
  A yaktaur (D:10)
  10 ice devils (IceCv)
  A troll (D:10)
  4 hornets
  3 slime creatures (Swamp:1)
  2 bog bodies (Swamp:1)
  6 blink frogs
  3 hippogriffs
  2 dream sheep (Lair:6)
  A wyvern (Lair:6)
  2 basilisks (Lair:3)
  A fire bat (Volcano)
  16 yaks
  A hungry ghost (D:7)
  Eustachio (D:4)
  6 humans (D:8)
  5 vampire mosquitoes
  Menkaure (D:5)
  2 swamp worms (Swamp:1)
  A naga (Lair:3)
  2 insubstantial wisps (Swamp:2)
  2 hell hounds (Volcano)
  5 water moccasins
  5 porcupines
  3 slaves (D:6)
  5 swamp drakes (Swamp:1)
  5 ice beasts
  A black bear (D:6)
  A phantom (D:6)
  A sky beast (D:8)
  A necrophage (D:10)
  2 ogres
  4 boggarts (Lair:5)
  3 wolves (Lair:6)
  9 centaurs
  3 crocodiles
  2 big kobolds
  9 bullfrogs
  2 scorpions
  3 killer bees (D:9)
  6 wights (D:10)
  4 howler monkeys
  2 electric eels
  4 crimson imps
  2 bullfrog zombies
  5 jellies
  5 orc priests
  A hound (D:4)
  A gnoll shaman (D:4)
  9 orc wizards
  A bullfrog skeleton (D:5)
  2 iguanas
  Natasha (twice) (D:4)
  2 worker ants
  A hound zombie (D:7)
  4 gnolls
  16 adders
  2 river rats
  3 shadow imps
  6 white imps (IceCv)
  3 ufetubi (IceCv)
  4 oozes (D:8)
  An adder skeleton (D:8)
  5 worms
  3 dart slugs
  14 leopard geckos
  23 orcs
  11 bats
  6 giant cockroaches
  6 goblins
  16 hobgoblins
  22 jackals
  7 kobolds
  8 quokkas
  A ball python (D:3)
  6 frilled lizards
  8 rats
  2 fungi (Lair:4)
  6 plants
396 creatures vanquished.

Vanquished Creatures (collateral kills)
  Rupert (Lair:3)
  Roxanne (Swamp:1)
  3 dire elephants (Lair:6)
  Snorg (Lair:6)
  7 hydras
  3 alligators (Swamp:1)
  An anaconda (Lair:6)
  2 death yaks (Lair:5)
  2 orc knights
  Sonja (D:11)
  A shambling mangrove (Swamp:1)
  3 oklob plants (D:11)
  An ugly thing (D:10)
  A black mamba (Lair:1)
  10 elephants
  7 spiny frogs
  6 komodo dragons
  4 polar bears
  3 tyrant leeches
  6 hornets
  Prince Ribbit (D:8)
  3 dream sheep (Lair:6)
  7 hippogriffs
  2 bog bodies (Swamp:1)
  5 slime creatures (Swamp:1)
  8 blink frogs
  19 yaks
  3 spriggans (Swamp:1)
  A hungry ghost (D:7)
  3 basilisks
  3 vampire mosquitoes (Swamp:1)
  A naga (Lair:3)
  6 insubstantial wisps (Swamp:2)
  4 swamp worms
  6 water moccasins
  3 porcupines
  4 swamp drakes
  5 ice beasts (Lair:2)
  3 orc warriors (D:9)
  3 black bears
  A sky beast (D:9)
  A phantom (D:9)
  A necrophage (D:11)
  6 centaurs
  3 wolves (Lair:6)
  8 crocodiles
  A big kobold (D:10)
  6 bullfrogs
  A scorpion (D:10)
  4 wights (D:8)
  3 killer bees (D:9)
  2 vampire bats (Lair:2)
  2 howler monkeys
  A bullfrog zombie (D:9)
  A centaur zombie (D:8)
  A quasit (D:11)
  4 jellies
  An orc priest (D:8)
  2 hounds
  An orc wizard (D:10)
  A centaur skeleton (D:11)
  3 worker ants
  2 killer bee zombies (D:7)
  A hound skeleton (D:9)
  A howler monkey zombie (D:11)
  A worker ant zombie (D:8)
  A shadow imp (D:8)
  An ooze (D:8)
  3 orcs
  A jackal (D:10)
  A ball python (D:7)
  3 bats (Lair:2)
  13 fungi
  22 plants
258 creatures vanquished.

Vanquished Creatures (others)
  A reaper (IceCv)
  2 orc knights
  4 orc warriors
  A swamp worm (Swamp:2)
  A swamp drake (Swamp:2)
  5 orc wizards
  6 white imps (IceCv)
  4 ufetubi (IceCv)
  20 orcs
  A fungus (Lair:6)
  2 plants (Lair:6)
47 creatures vanquished.

Grand Total: 701 creatures vanquished

Notes
Turn   | Place    | Note
-------+----------+-------------------------------------------
     0 | D:1      | Monsterracer the Hill Orc Monk began the quest for the Orb.
     0 | D:1      | Reached XP level 1. HP: 19/19 MP: 1/1
   389 | D:1      | Reached XP level 2. HP: 26/26 MP: 2/2
   552 | D:1      | Reached skill level 5 in Axes
   654 | D:1      | Gained mutation: Your flesh is heat resistant. (rF+) [potion of mutation]
   654 | D:1      | Gained mutation: You are dopey. (Int -2) [potion of mutation]
   654 | D:1      | Gained mutation: Your movements are slightly less encumbered by armour. (ER -2) [potion of mutation]
   686 | D:1      | Reached XP level 3. HP: 24/31 MP: 3/3
  1068 | D:1      | Reached skill level 6 in Axes
  1274 | D:2      | Reached XP level 4. HP: 39/39 MP: 4/4
  1618 | D:2      | Found a hide-covered altar of Uskayaw.
  1671 | D:2      | Found a sparkling altar of Nemelex Xobeh.
  1852 | D:2      | Reached XP level 5. HP: 46/46 MP: 5/5
  1905 | D:2      | Reached skill level 1 in Armour
  2009 | D:2      | Found a hazy altar of Hepliaklqana.
  2010 | D:2      | Found a shimmering altar of Xom.
  2011 | D:2      | Noticed a spectral ugly thing
  2387 | D:3      | Reached skill level 7 in Axes
  3055 | D:4      | Noticed Eustachio
  3096 | D:4      | Killed Eustachio
  3096 | D:4      | Reached XP level 6. HP: 31/53 MP: 6/6
  3564 | D:4      | Became a worshipper of Beogh the Brigand
  3564 | D:4      | Reached * piety under Beogh
  3564 | D:4      | Reached ** piety under Beogh
  3572 | D:4      | Reached XP level 7. HP: 59/60 MP: 7/7
  3579 | D:4      | Reached skill level 8 in Axes
  3838 | D:4      | Reached skill level 5 in Fighting
  3839 | D:4      | Reached skill level 1 in Invocations
  3910 | D:4      | Noticed Natasha
  3921 | D:4      | Killed Natasha
  4212 | D:4      | Noticed Natasha
  4220 | D:4      | Killed Natasha
  4394 | D:5      | Entered Level 5 of the Dungeon
  4925 | D:5      | Noticed Menkaure
  4939 | D:5      | Killed Menkaure
  4939 | D:5      | Reached skill level 9 in Axes
  4939 | D:5      | Reached XP level 8. HP: 13/69 MP: 9/9
  5515 | D:5      | Reached *** piety under Beogh
  5646 | D:6      | Noticed Pikel
  5666 | D:6      | Killed Pikel
  5666 | D:6      | Reached skill level 10 in Axes
  5666 | D:6      | Reached XP level 9. HP: 52/78 MP: 10/12
  5960 | D:6      | Found a glowing drain.
  5964 | Sewer    | Entered a sewer
  6060 | Sewer    | Found a white marble altar of Elyvilon.
  6501 | D:6      | Got a jewelled helmet
  6535 | D:6      | Identified the +0 helmet of the Desert {rPois Int+3 Dex-3} (You found it on level 6 of the Dungeon)
  6724 | D:6      | Reached skill level 5 in Armour
  7005 | D:7      | Reached skill level 11 in Axes
  7005 | D:7      | Reached skill level 5 in Invocations
  7127 | D:7      | Found a staircase to the Ecumenical Temple.
  7373 | D:8      | Reached skill level 5 in Dodging
  7412 | D:8      | Reached XP level 10. HP: 87/88 MP: 14/14
  7446 | D:8      | Reached **** piety under Beogh
  7528 | D:8      | Found a basalt altar of Yredelemnul.
  7543 | D:8      | Gained Zartorak as an ally
  7610 | D:8      | Reached skill level 12 in Axes
  8033 | D:8      | Found a shattered altar of Ashenzari.
  8100 | D:8      | Noticed Maurice
  8121 | D:8      | Killed Maurice
  8556 | D:8      | Found a glowing golden altar of the Shining One.
  8557 | D:8      | Noticed Prince Ribbit
  8562 | D:8      | Noticed an angel
  8563 | D:8      | Killed Prince Ribbit
  8950 | D:9      | Your ally Zartorak died
  8952 | D:9      | Reached ***** piety under Beogh
  9053 | D:9      | Noticed a two-headed ogre
  9069 | D:9      | Killed a two-headed ogre
  9169 | D:9      | Learned a level 2 spell: Passwall
  9224 | D:9      | Found a staircase to the Orcish Mines.
  9228 | D:9      | Found Fohech's Weapon Shop.
  9236 | D:9      | Bought a +0 broad axe of chopping for 96 gold pieces
  9447 | D:10     | Entered Level 10 of the Dungeon
  9481 | D:10     | Reached skill level 13 in Axes
  9628 | D:10     | Found a runed door.
  9653 | D:10     | Reached XP level 11. HP: 95/95 MP: 15/17
  9772 | D:10     | Found Ybrutzus's Weapon Shoppe.
  9934 | D:10     | Found a runed door.
 10180 | D:10     | Noticed a red ugly thing
 10193 | D:10     | Killed a red ugly thing
 10410 | D:10     | Reached ****** piety under Beogh
 10474 | D:10     | Learned a level 1 spell: Apportation
 10602 | D:11     | Noticed Sonja
 10602 | D:11     | Killed Sonja
 10762 | D:11     | Learned a level 1 spell: Apportation
 10950 | D:11     | Reached skill level 14 in Axes
 10969 | D:11     | Noticed an oklob plant
 10970 | D:11     | Noticed an oklob plant
 11855 | D:11     | Found a staircase to the Lair.
 11858 | D:11     | Noticed an oklob plant
 11859 | D:11     | Killed an oklob plant
 11864 | D:11     | Killed an oklob plant
 11875 | D:11     | Killed an oklob plant
 11875 | D:11     | Gained Gorbash as an ally
 11985 | Lair:1   | Entered Level 1 of the Lair of Beasts
 11989 | Lair:1   | Got a heavily runed chain mail
 12000 | Lair:1   | Identified the cursed +0 chain mail "Wayps" {*Corrode rC+ MR++ Regen+} (You found it on level 1 of the Lair of Beasts)
 12297 | Lair:1   | Reached skill level 10 in Fighting
 12876 | Lair:2   | Noticed a seven-headed hydra
 12883 | Lair:2   | Killed a seven-headed hydra
 12883 | Lair:2   | Reached XP level 12. HP: 80/106 MP: 16/19
 12889 | Lair:2   | Found a frozen archway.
 12957 | IceCv    | Entered an ice cave
 13143 | IceCv    | Killed a reaper
 13285 | IceCv    | Reached skill level 15 in Axes
 13596 | IceCv    | Gained Beowulf as an ally
 13598 | IceCv    | Your ally Beowulf died
 14239 | Lair:2   | Reached skill level 10 in Invocations
 14761 | Lair:3   | Noticed a four-headed hydra
 14768 | Lair:3   | Killed a four-headed hydra
 14884 | Lair:3   | Noticed Rupert
 14893 | Lair:3   | Gained Olfrun as an ally
 14895 | Lair:3   | Killed Rupert
 14895 | Lair:3   | Reached skill level 16 in Axes
 14991 | Lair:3   | Learned a level 2 spell: Shroud of Golubria
 14994 | Lair:3   | Learned a level 2 spell: Song of Slaying
 14998 | Lair:3   | Learned a level 3 spell: Regeneration
 15057 | Lair:3   | Reached XP level 13. HP: 116/116 MP: 20/20
 15227 | Lair:3   | Found a staircase to the Swamp.
 15257 | Lair:3   | Found a staircase to the Snake Pit.
 15263 | Lair:3   | Reached skill level 10 in Armour
 16367 | Lair:4   | Reached skill level 18 in Axes
 16367 | Lair:4   | Reached XP level 14. HP: 124/124 MP: 22/22
 16595 | Lair:5   | Gained Gorg as an ally
 16759 | Lair:5   | Got a smoking shortbow
 16760 | Lair:5   | Identified the +0 shortbow of Currency {flame, Dex+2} (You found it on level 5 of the Lair of Beasts)
 17658 | Lair:6   | Entered Level 6 of the Lair of Beasts
 17661 | Lair:6   | Found a dark tunnel.
 17670 | Volcano  | Entered a volcano
 17811 | Volcano  | Got a pair of jewelled boots
 17817 | Volcano  | Identified the cursed +0 pair of boots "Tedd" {+Fly rF+} (You found it in a volcano)
 17975 | Lair:6   | Found a viscous altar of Jiyva.
 17975 | Lair:6   | Noticed an acid blob
 17976 | Lair:6   | Found a runed door.
 17982 | Lair:6   | Found a staircase to the Slime Pits.
 17983 | Lair:6   | Noticed an acid blob
 18136 | Lair:6   | Reached skill level 19 in Axes
 18169 | Lair:6   | Noticed Snorg
 18175 | Lair:6   | Killed Snorg
 18879 | Lair:6   | Noticed a dire elephant
 18879 | Lair:6   | Noticed a dire elephant
 18884 | Lair:6   | Killed a dire elephant
 18886 | Lair:6   | Killed a dire elephant
 18897 | Lair:6   | Learned a level 2 spell: Blink
 18900 | Lair:6   | Got a flickering pewter amulet
 18901 | Lair:6   | Identified the amulet "Mufemig" {+Rage rElec rF- Int+5} (You found it on level 6 of the Lair of Beasts)
 18914 | Lair:6   | Got a crude chain mail
 18925 | Lair:6   | Identified the +1 chain mail of the Burgomaster {rN+} (You found it on level 6 of the Lair of Beasts)
 18929 | Lair:6   | Noticed a dire elephant
 18935 | Lair:6   | Killed a dire elephant
 19082 | Swamp:1  | Entered Level 1 of the Swamp
 19089 | Swamp:1  | Reached XP level 15. HP: 126/134 MP: 18/23
 19548 | Swamp:1  | Reached skill level 1 in Evocations
 20085 | Swamp:1  | Noticed Roxanne
 20097 | Swamp:1  | Killed Roxanne
 20798 | Swamp:2  | Your ally Gorg died
 20819 | Swamp:2  | Reached skill level 20 in Axes
 20826 | Swamp:2  | Your ally Olfrun died
 20828 | Swamp:2  | Slain by a tyrant leech

Skill      XL: |  1  2  3  4  5  6  7  8  9 10 11 12 13 14 15 |
---------------+----------------------------------------------+-----
Axes           | 5 6 7 9 10 11 13 14 16 18 19 20 | 20.1
Armour         | 2 3 4 5 7 8 9 10 11 | 11.7
Fighting       | 4 5 6 7 8 10 11 12 13 | 13.0
Dodging        | 3 4 5 6 7 8 9 |  9.3
Invocations    | 2 4 6 8 9 10 11 | 11.0
Evocations     | 3 |  3.1
Stealth        | |  1.5

Action                   |  1- 3 |  4- 6 |  7- 9 | 10-12 | 13-15 || total
-------------------------+-------+-------+-------+-------+-------++-------
Melee: Hand axe          |    77 |   305 |   321 |    76 |       ||   779
       Morningstar       |       |     3 |   117 |       |       ||   120
       War axe           |       |       |       |    76 |       ||    76
       Broad axe         |       |       |       |   446 |    83 ||   529
       Executioner's axe |       |       |       |       |   309 ||   309
Invok: Convert to Beogh  |       |     1 |       |       |       ||     1
       Smiting           |       |       |     2 |     1 |     1 ||     4
       Recall Orcish Fol |       |       |       |    11 |     7 ||    18
       Give Item to Name |       |       |       |       |     3 ||     3
 Abil: Evoke Berserk Rag |       |       |       |       |     1 ||     1
Evoke: Wand              |       |       |       |       |     1 ||     1
  Use: Potion            |     4 |     1 |     4 |     2 |     4 ||    15
       Scroll            |       |     9 |     8 |     9 |     4 ||    30
 Stab: Sleeping          |     3 |       |       |       |       ||     3
       Distracted        |       |       |     3 |    11 |     3 ||    17
       Confused          |       |       |       |     1 |       ||     1
  Eat: Chunk             |     1 |     8 |    26 |    21 |    16 ||    72
       Fruit             |       |       |     2 |     5 |     2 ||     9
Armor: Robe              |     6 |       |       |       |       ||     6
       Leather armour    |    11 |       |       |       |       ||    11
       Chain mail        |       |   239 |   253 |   362 |   237 ||  1091
       Skin              |       |       |       |       |     4 ||     4
Dodge: Dodged            |    42 |   164 |   161 |   303 |   265 ||   935
